[Event "*** Titled Tuesday 3|2 Blitz"]
[Site "Chess.com"]
[Date "2015.01.27"]
[Round "1"]
[White "Rogue_King"]
[Black "GulamaliRises"]
[Result "1-0"]
[WhiteElo "2015"]
[BlackElo "2344"]
[TimeControl "180+2"]
[EndTime "11:03:51 PST"]
[Termination "Rogue_King won by resignation"]

1. d4 Nf6 2. c4 c5 3. d5 e6 4. Nc3 exd5 5. cxd5 d6 6. e4 g6 7. f4 Bg7 8. Bb5+ Nfd7 9. Nf3 O-O 10. O-O Na6 11.
Kh1 Rb8 12. f5 Nc7 13. Bd3 b5 14. Bg5 f6 15. Bf4 Qe7 16. fxg6 hxg6 17. Nh4 Ne5 18.
Bxe5 fxe5 19. Rxf8+ Qxf8 20. Nxg6 Qf7 21. Qh5 Ne8 22. Rf1 Nf6 23. Qg5 c4 24. Be2 b4 25.
Nd1 Nxe4 26. Qd8+ Kh7 27. Rxf7 Kxg6 28. Rxg7+ Kxg7 29. Qc7+ 1-0

[Event "*** Titled Tuesday 3|2 Blitz"]
[Site "Chess.com"]
[Date "2015.01.27"]
[Round "1"]
[White "lestri"]
[Black "vovkcoach"]
[Result "0-1"]
[WhiteElo "2218"]
[BlackElo "2465"]
[TimeControl "180+2"]
[EndTime "11:03:52 PST"]
[Termination "vovkcoach won by resignation"]

1. c4 Nf6 2. Nc3 d5 3. cxd5 Nxd5 4. d4 g6 5. Bd2 Bg7 6. e4 Nb6 7. Be3 O-O 8. Qd2 Nc6 9. d5 Ne5 10. Bh6 Nbc4 11. Qc1 Bxh6 12. Qxh6 Nxb2 13. f4 Ng4 14. Qh4 c6 15. Qg3 Qa5 16. h3 Nf6 17. Kf2 Qxc3 18.
Qxc3 Nxe4+ 0-1

[Event "*** Titled Tuesday 3|2 Blitz"]
[Site "Chess.com"]
[Date "2015.01.27"]
[Round "1"]
[White "alturas_pacificas"]
[Black "petrpalachev"]
[Result "0-1"]
[WhiteElo "2126"]
[BlackElo "2412"]
[TimeControl "180+2"]
[EndTime "11:03:58 PST"]
[Termination "petrpalachev won by resignation"]

1. d4 Nf6 2. Bf4 d5 3. e3 Bf5 4. c4 e6 5. Nc3 Bd6 6. Bg3 c6 7. Nf3 Bxg3 8. hxg3 Nbd7 9. Qb3 Qb6 10. c5 Qxb3 11. axb3 a6 12. b4 O-O 13. Nd2 e5 14. Nf3 Rfe8 15. Kd2 Bg4 16. Be2 Bxf3 17. Bxf3 exd4 18. exd4 Re7 19. Rae1 Rae8 20. Rxe7 Rxe7 21.
Re1 Kf8 22. Rxe7 Kxe7 23. g4 h6 24. Be2 Nf8 25. f3 Ne6 26. Ke3 Nc7 27. g3 g5 28.
f4 Nb5 29. Bxb5 axb5 30. f5 Nxg4+ 31. Kf3 h5 32. Nd1 Kf6 0-1

[Event "*** Titled Tuesday 3|2 Blitz"]
[Site "Chess.com"]
[Date "2015.01.27"]
[Round "1"]
[White "lorcho"]
[Black "andryusha"]
[Result "1-0"]
[WhiteElo "2406"]
[BlackElo "2044"]
[TimeControl "180+2"]
[EndTime "11:04:32 PST"]
[Termination "lorcho won by resignation"]

1. e4 c5 2. Nc3 Nc6 3. g3 g6 4. Bg2 Bg7 5. d3 d6 6. f4 e6 7. Nf3 Nd4 8. O-O Ne7 9. Be3 Nec6 10. e5 dxe5 11. Nxe5 Nxe5 12. fxe5 O-O 13. Ne4 Bxe5 14.
c3 Nf5 15. Bxc5 Re8 16. d4 Ne3 17. Qf3 Nxf1 18. dxe5 Nd2 19. Nf6+ Kg7 20. Nxe8+ Qxe8 21. Qd3 Qd7 22. Bd4 1-0

[Event "*** Titled Tuesday 3|2 Blitz"]
[Site "Chess.com"]
[Date "2015.01.27"]
[Round "1"]
[White "FairChess_on_YouTube"]
[Black "pKiLz5Rn9b"]
[Result "1-0"]
[WhiteElo "2710"]
[BlackElo "2270"]
[TimeControl "180+2"]
[EndTime "11:05:35 PST"]
[Termination "FairChess_on_YouTube won by resignation"]

1. d4 e6 2. e4 d5 3. Nc3 Nf6 4. e5 Nfd7 5. f4 c5 6. Nf3 Nc6 7. Be3 a6 8. Qd2 b5 9. Nd1 Qb6 10. Be2 f6 11. c3 Bb7 12. O-O O-O-O 13. a4 b4 14. Kh1 a5 15. f5 fxe5 16. fxe6 Nf6 17. dxc5 Bxc5 18. Bxc5 Qxc5 19. cxb4 axb4 20. Rc1 Qb6 21. Nxe5 Ne4 22. Qe3 Qxe3 23. Nxe3 Rd6 24. Nf7 Re8 25. Nxd6+ Nxd6 26. Nxd5 Kb8 27. Bf3 Nd4 28.
Nc7 Re7 29. Bxb7 Kxb7 30. Nb5 N4xb5 31. axb5 Rxe6 32. Rc6 b3 33. Rd1 Ne4 34. Rd7+ 1-0

[Event "*** Titled Tuesday 3|2 Blitz"]
[Site "Chess.com"]
[Date "2015.01.27"]
[Round "1"]
[White "stepanosinovsky"]
[Black "exoticprincess"]
[Result "0-1"]
[WhiteElo "2247"]
[BlackElo "2620"]
[TimeControl "180+2"]
[EndTime "11:05:50 PST"]
[Termination "exoticprincess won by resignation"]

1. e4 c6 2. d4 d5 3. exd5 cxd5 4. c4 Nf6 5. Nc3 e6 6. Nf3 Bb4 7. Bd3 dxc4 8. Bxc4 O-O 9. O-O Nc6 10. Bg5 h6 11. Bh4 Be7 12. a3 Nh5 13. Bxe7 Nxe7 14. Qd3 Nf6 15.
Rad1 b6 16. Ba2 Bb7 17. Ne5 Ned5 18. Rfe1 Nf4 19. Qg3 N6h5 20. Qg4 f5 21. Bxe6+ Nxe6 22. Qxh5 Nf4 0-1

[Event "*** Titled Tuesday 3|2 Blitz"]
[Site "Chess.com"]
[Date "2015.01.27"]
[Round "1"]
[White "Beca95"]
[Black "oggy1984"]
[Result "1-0"]
[WhiteElo "2486"]
[BlackElo "2183"]
[TimeControl "180+2"]
[EndTime "11:07:06 PST"]
[Termination "Beca95 won by resignation"]

1. d4 Nf6 2. c4 c5 3. d5 b5 4. Nf3 g6 5. cxb5 a6 6. b6 d6 7. Nc3 Qxb6 8. e4 Bg7 9. h3 O-O 10. Bd3 Nbd7 11. O-O Rb8 12. Qe2 Ne8 13. Rb1 Nc7 14. Bg5 Re8 15. Nd2 Nb5 16. Nc4 Qc7 17. Qd2 Ne5 18. Nxe5 Bxe5 19. f4 Bg7 20. f5 Nd4 21. f6 exf6 22. Bxf6 Bxf6 23. Rxf6 c4 24. Bf1 Qc5 25. Qf2 Re7 26. Rd1 Nb5 27. Qxc5 dxc5 28. Re1 Kg7 29. Rc6 Nxc3 30. bxc3 Rxe4 31. Rxe4 1-0

[Event "*** Titled Tuesday 3|2 Blitz"]
[Site "Chess.com"]
[Date "2015.01.27"]
[Round "1"]
[White "ChessWarrior7197"]
[Black "MinhGTrAn"]
[Result "0-1"]
[WhiteElo "2144"]
[BlackElo "2449"]
[TimeControl "180+2"]
[EndTime "11:07:11 PST"]
[Termination "MinhGTrAn won by resignation"]

1. Nf3 Nf6 2. g3 b6 3. Bg2 Bb7 4. O-O e6 5. b3 Be7 6. Bb2 O-O 7. d4 d6 8. Nbd2 Nbd7 9. c4 c5 10. Qc2 cxd4 11. Nxd4 Bxg2 12. Kxg2 Qc7 13. Rad1 a6 14. Qb1 Rfd8 15. Kg1 Rac8 16. Rc1 Qb7 17. Rfd1 Ne5 18. N2f3 Ng6 19. a4 Ne4 20. h4 Ne5 21. Kg2 Ng4 22. Rf1 Nd2 23. Qa1 e5 24. Rfd1 Ne4 25.
Nf5 Nexf2 26. Nxe7+ Qxe7 27. Re1 Ne4 28. Rcd1 Ne3+ 29.
Kh2 Nxd1 30. Rxd1 Qe6 31. Nd2 Qg4 32. Nxe4 Qxe2+ 33. Kg1 Qxe4 34. Qc1 Qf3 35. Rf1 Qxg3+ 36. Kh1 Qxh4+ 37. Kg1 Re8 38. Qe1 Qg4+ 39. Kf2 Re6 40.
Ke3 b5 41. axb5 axb5 42. cxb5 d5 43. Qa5 d4+ 44. Kd2 Qg2+ 45. Ke1 Qxb2 46. Qd2 0-1

[Event "*** Titled Tuesday 3|2 Blitz"]
[Site "Chess.com"]
[Date "2015.01.27"]
[Round "1"]
[White "GasconJR"]
[Black "jbj"]
[Result "1-0"]
[WhiteElo "1971"]
[BlackElo "2259"]
[TimeControl "180+2"]
[EndTime "11:07:14 PST"]
[Termination "GasconJR won by checkmate"]

1. e4 d6 2. d4 Nf6 3. Nc3 e5 4. Nf3 Nbd7 5. g4 Nxg4 6. Rg1 exd4 7. Nxd4 h5 8. h3 Nge5 9. Bg5 Nf6 10. f4 Nc6 11. Nxc6 bxc6 12. Qf3 Be7 13. O-O-O Bb7 14. e5 Nd7 15. exd6 Bxg5 16. Re1+ Kf8 17. fxg5 cxd6 18. Qf4 Ne5 19. Ne4 Qa5 20. Bg2 Rd8 21. Nxd6 Rxd6 22. Rxe5 Qb6 23. Rge1 Rd8 24. Re7 f6 25. gxf6 g6 26. Qe5 Bc8 27. Rf7+ Kg8 28. Rg7+ Kf8 29. Qe7# 1-0

[Event "*** Titled Tuesday 3|2 Blitz"]
[Site "Chess.com"]
[Date "2015.01.27"]
[Round "1"]
[White "jcibarra"]
[Black "kleber2007"]
[Result "1-0"]
[WhiteElo "2424"]
[BlackElo "2140"]
[TimeControl "180+2"]
[EndTime "11:07:18 PST"]
[Termination "jcibarra won by resignation"]

1. e4 c5 2. Nf3 e6 3. d4 cxd4 4. Nxd4 a6 5. c4 Nf6 6. Nc3 Qc7 7. a3 b6 8. Be3 Bb7 9. f3 Be7 10. Be2 O-O 11. Rc1 d6 12. Qd2 Nbd7 13. O-O Rfe8 14. b4 Rac8 15. Rc2 Qb8 16. Rb1 Bd8 17. Kh1 d5 18.
cxd5 exd5 19. Nxd5 Rxc2 20. Nxf6+ Nxf6 21. Qxc2 Bc7 22.
Bg1 h5 23. Nf5 g6 24. Ne3 h4 25. Rd1 h3 26. Bf1 hxg2+ 27. Bxg2 Nh5 28. Nd5 Bxd5 29.
exd5 Nf4 30. Bf1 b5 31. Qc6 Bd6 32. Bc5 Bxc5 33. bxc5 Rc8 34. Qb6 Qe5 35. d6 Qe3 36.
Qb7 Rxc5 37. d7 Rd5 38. Qxd5 Nxd5 39. d8=Q+ Kg7 40. Qxd5 1-0

[Event "*** Titled Tuesday 3|2 Blitz"]
[Site "Chess.com"]
[Date "2015.01.27"]
[Round "1"]
[White "Danirod"]
[Black "Malev212"]
[Result "1-0"]
[WhiteElo "2324"]
[BlackElo "1923"]
[TimeControl "180+2"]
[EndTime "11:07:44 PST"]
[Termination "Danirod won by resignation"]

1. e4 e5 2. Nf3 Nc6 3. Bc4 Nf6 4. Ng5 d5 5. exd5 Na5 6. Bb5+ c6 7. dxc6 bxc6 8.
Bd3 Nd5 9. Nf3 Bd6 10. O-O O-O 11. Re1 Re8 12. Nc3 Bg4 13. h3 Bh5 14. Be4 Bc7 15. d3 h6 16. Bd2 Nb7 17. Qe2 Nc5 18. Rad1 Ne6 19. Qf1 Rb8 20. Bc1 Ne7 21. g4 Bg6 22. Qg2 Qd7 23. Nh4 Bh7 24. Nf5 Nd4 25. Nxd4 exd4 26.
Bxh7+ Kxh7 27. Na4 Ng6 28. Nc5 Qd6 29. Na6 Rxe1+ 30.
Rxe1 Ba5 31. Nxb8 Bxe1 32. Nxc6 Nh4 33. Qe4+ f5 34. gxf5 Bxf2+ 35. Kf1 Qg3 36. f6+ Kh8 37. fxg7+ Kxg7 38. Qg4+ Qxg4 39. hxg4 Be3 40. Bxe3 dxe3 41. Ke2 Ng2 1-0

[Event "*** Titled Tuesday 3|2 Blitz"]
[Site "Chess.com"]
[Date "2015.01.27"]
[Round "1"]
[White "Rijeka1999"]
[Black "HansCoolNiemann"]
[Result "0-1"]
[WhiteElo "2279"]
[BlackElo "1709"]
[TimeControl "180+2"]
[EndTime "11:07:47 PST"]
[Termination "HansCoolNiemann won by checkmate"]

1. e4 d5 2. exd5 Qxd5 3. Nf3 c6 4. d4 Bg4 5. Be2 Nd7 6. O-O Ngf6 7. c4 Qd6 8. b3 e6 9. Bb2 Qc7 10. Nbd2 Bd6 11. Re1 O-O 12. Nf1 Rad8 13. Qc2 Bf4 14. Ng3 Rfe8 15. Rad1 Nf8 16. h3 Bxf3 17. Bxf3 Bxg3 18.
fxg3 Qxg3 19. Re3 Qd6 20. Rde1 Ng6 21. Qf2 Rf8 22. R3e2 Nf4 23. Re3 Rfe8 24. Re5 Nd3 25. Qc2 Nxb2 26. Qxb2 Qxd4+ 27. Qxd4 Rxd4 28. R1e2 Red8 29. Kf2 Nd7 30. Ra5 a6 31. Rg5 h6 32. Rg3 Nf6 33.
c5 Rd2 34. Ke3 R8d3+ 35. Kf2 Ne4+ 36. Ke1 Rd1# 0-1

[Event "*** Titled Tuesday 3|2 Blitz"]
[Site "Chess.com"]
[Date "2015.01.27"]
[Round "1"]
[White "Carolina-moon"]
[Black "rhungaski"]
[Result "0-1"]
[WhiteElo "2000"]
[BlackElo "2372"]
[TimeControl "180+2"]
[EndTime "11:07:49 PST"]
[Termination "rhungaski won by checkmate"]

1. e4 d6 2. d4 Nf6 3. Nc3 e5 4. Nf3 Nbd7 5. Bc4 Be7 6. O-O O-O 7. Re1 c6 8. a4 a5 9. h3 exd4 10. Qxd4 Nc5 11. Bg5 Be6 12. Rad1 Ne8 13. Bf4 Qb6 14. Bxe6 fxe6 15. Bg3 Qb4 16. Qd2 e5 17. Bh4 Bxh4 18.
Nxh4 g6 19. b3 Rf6 20. Nb1 Rf4 21. Qxb4 axb4 22. Nf3 Rxe4 23. Nbd2 Rxe1+ 24. Rxe1 h6 25. Nc4 e4 26. Nd4 d5 27. Ne3 Nd6 28. Ng4 Kg7 29.
f3 Re8 30. fxe4 Ncxe4 31. Ra1 h5 32. Nh2 Nc3 33. Nhf3 c5 34. Nb5 Nf5 35. Nxc3 bxc3 36. a5 Re2 37. a6 bxa6 38. Rxa6 Rxc2 39. Ne5 Nh4 40. g3 Re2 41. Ra7+ Kf6 42. Nd3 Nf3+ 43. Kf1 Rd2 44. Ra6+ Kf5 45. g4+ hxg4 46. hxg4+ Kg5 47.
Nxc5 c2 48. Ne6+ Kxg4 49. Ra4+ Kg3 50. Ra1 Rf2# 0-1

[Event "*** Titled Tuesday 3|2 Blitz"]
[Site "Chess.com"]
[Date "2015.01.27"]
[Round "1"]
[White "PauloCesarCosta"]
[Black "guillead1"]
[Result "0-1"]
[WhiteElo "2052"]
[BlackElo "2400"]
[TimeControl "180+2"]
[EndTime "11:07:51 PST"]
[Termination "guillead1 won on time"]

1. Nf3 g6 2. c4 Bg7 3. d4 f5 4. Nc3 Nf6 5. Bg5 Ne4 6. Bf4 c5 7. e3 Qa5 8. Qc2 Nc6 9. Nd2 Nxd2 10.
Qxd2 cxd4 11. exd4 Bxd4 12. Bh6 d6 13. Be2 Kf7 14.
O-O Re8 15. Rad1 Bf6 16. a3 Be6 17. Rfe1 Rac8 18. Bg5 Bg7 19. Bh6 Bf6 20. Bg5 Ne5 21. Bxf6 exf6 22. Qh6 Kg8 23. Nd5 Bxd5 24. cxd5 Nf7 25. Qh4 Kg7 26. Kf1 Re5 27. Qd4 Rce8 28. Qd2 Qxd2 29. Rxd2 Ng5 30. f3 Nf7 31. Rc1 R8e7 32. b4 f4 33. Rc8 Nh6 34. Rc1 Nf5 35. Bc4 Ne3+ 36. Kf2 Rc7 37. Rd4 g5 38. h4 b5 39. hxg5 fxg5 0-1

[Event "*** Titled Tuesday 3|2 Blitz"]
[Site "Chess.com"]
[Date "2015.01.27"]
[Round "1"]
[White "Imre91"]
[Black "zmaj23"]
[Result "1-0"]
[WhiteElo "2506"]
[BlackElo "2186"]
[TimeControl "180+2"]
[EndTime "11:08:02 PST"]
[Termination "Imre91 won by resignation"]

1. d4 Nf6 2. Nf3 e6 3. Bg5 b6 4. e3 Bb7 5. Bd3 c5 6. Nbd2 d6 7. O-O Nbd7 8. c3 Be7 9. a4 cxd4 10. exd4 h6 11. Bh4 g5 12. Bg3 Nh5 13. a5 Nxg3 14.
hxg3 Qc7 15. axb6 Nxb6 16. Be4 g4 17. Nh2 h5 18. Re1 d5 19. Bd3 Bd6 20. Nhf1 Kd7 21. c4 dxc4 22. Nxc4 Nxc4 23. Qa4+ Bc6 24. Qxc4 h4 25.
Rac1 Qb7 26. Qxc6+ Qxc6 27. Rxc6 Kxc6 28. Be4+ Kb5 29. Bxa8 Rxa8 30. gxh4 Kc4 31. Ne3+ Kxd4 32. Rd1+ Kc5 33. Nxg4 f5 34. Ne3 Be5 35. Rc1+ Kb4 36. Nd1 Rd8 37. g3 Rd2 38. Kg2 f4 39. g4 a5 40. Kf3 a4 41. h5 Bg7 42. g5 e5 43. h6 Bh8 44. g6 Rd3+ 45. Ke4 Rd4+ 46.
Kf5 Rd7 47. Nc3 Kb3 48. Rd1 Re7 49. Rd8 Kxb2 50. Nxa4+ Kb3 51. Rxh8 Kxa4 52. g7 1-0

[Event "*** Titled Tuesday 3|2 Blitz"]
[Site "Chess.com"]
[Date "2015.01.27"]
[Round "1"]
[White "chorejason"]
[Black "diokletian"]
[Result "1/2-1/2"]
[WhiteElo "1956"]
[BlackElo "2291"]
[TimeControl "180+2"]
[EndTime "11:08:08 PST"]
[Termination "Game drawn by agreement"]

1. e4 e6 2. d4 d5 3. Nd2 dxe4 4. Nxe4 Nd7 5. Bd3 Ngf6 6. Qe2 c5 7. Be3 Qc7 8. O-O-O Nd5 9. Nf3 Be7 10. Bg5 Bxg5+ 11.
Nexg5 N7f6 12. Bb5+ Bd7 13. Nxf7 Bxb5 14. Qxb5+ Kxf7 15.
Ng5+ Kg8 16. Nxe6 Qb6 17. Qxc5 Qxc5 18. dxc5 Kf7 19. Ng5+ Kg6 20. Nf3 Rhe8 21. Rhe1 h6 22. c4 Nf4 23. g3 Rxe1 24. Nxe1 Ne6 25. b4 a5 26. Rd6 Kf7 27. Nf3 Ng5 28. Ne5+ Ke7 29. f4 Nge4 30. Ng6+ Kf7 31. Ne5+ Kg8 32. Rb6 axb4 33. Rxb7 Nxc5 34. Rxb4 Rxa2 35. f5 Rxh2 36. Rb8+ Kh7 37. Ng6 Nd3+ 38. Kd1 Ng8 39. Nf8+ Kh8 40. Ng6+ Kh7 41. Nf8+ 1/2-1/2

[Event "*** Titled Tuesday 3|2 Blitz"]
[Site "Chess.com"]
[Date "2015.01.27"]
[Round "1"]
[White "TooOldTooSlow70"]
[Black "FytNob"]
[Result "1-0"]
[WhiteElo "2320"]
[BlackElo "1858"]
[TimeControl "180+2"]
[EndTime "11:08:09 PST"]
[Termination "TooOldTooSlow70 won on time"]

1. Nf3 c5 2. c4 Nc6 3. Nc3 g6 4. e3 Bg7 5. d4 cxd4 6. exd4 d6 7.
d5 Ne5 8. Nxe5 Bxe5 9. Be2 Bf5 10.
O-O h5 11. Qb3 Qd7 12. c5 a6 13. c6 bxc6 14. dxc6 Qc8 15. Nd5 Rb8 16. Qa4 Kf8 17.
c7 Rb7 18. Bxa6 Nf6 19. Bxb7 Qxb7 20. Nxf6 Bxf6 21. Qc4 Kg7 22. Be3 Rc8 23. Bd4 e5 24. Bc3 d5 25. Qe2 d4 26. Ba5 Qd5 27. b4 d3 28. Qd2 e4 29. Rac1 Bd4 30. a4 Qe6 31. Rfe1 Qb3 32. b5 h4 33. Bc3 Bf6 34. Bxf6+ Kxf6 35.
Qc3+ Qxc3 36. Rxc3 Ke7 37. b6 e3 38. Rxe3+ 1-0

[Event "*** Titled Tuesday 3|2 Blitz"]
[Site "Chess.com"]
[Date "2015.01.27"]
[Round "1"]
[White "Dlugy"]
[Black "Konavets"]
[Result "0-1"]
[WhiteElo "2577"]
[BlackElo "2292"]
[TimeControl "180+2"]
[EndTime "11:08:12 PST"]
[Termination "Konavets won by resignation"]

1. d4 Nf6 2. c4 g6 3. Nc3 d5 4.
cxd5 Nxd5 5. e4 Nxc3 6. bxc3 Bg7 7.
Be3 c5 8. Qd2 cxd4 9. cxd4 Nc6 10.
Rd1 Bg4 11. Be2 Bxe2 12. Nxe2 O-O 13. O-O Rc8 14. d5 Ne5 15. Bd4 Nc4 16. Qb4 Bxd4 17.
Rxd4 Nd6 18. e5 Nf5 19. Rd2 Qb6 20. Qxb6 axb6 21. Rb1 Rc5 22. Rxb6 Rd8 23. Rxb7 Rcxd5 24. Rxd5 Rxd5 25. f4 Rd2 26. Nc3 Ne3 27. h3 Rxg2+ 28. Kh1 Rc2 29. Rb3 Nf5 30. a4 Ng3+ 31. Kg1 Rxc3 32.
Rxc3 Ne2+ 33. Kf2 Nxc3 34. a5 Kf8 35. Ke3 Ke8 36. Kd4 Nb5+ 37. Kc5 Nc7 38. Kc6 Kd8 39. h4 h5 40. Kb7 Kd7 41. Kb6 Kc8 42. Kc6 Ne6 43.
a6 Nc7 44. a7 Na8 45. Kd5 Kb7 46. Ke4 Kxa7 47. f5 Nc7 48. f6 exf6 49. exf6 Ne8 50. Kf4 Nxf6 51. Kg5 Nd5 52. Kh6 Nf4 53. Kg7 Ng2 54.
Kxf7 Nxh4 55. Kf6 Nf3 56. Kxg6 h4 57. Kf5 h3 58. Kg4 h2 59. Kg3 h1=Q 0-1

[Event "*** Titled Tuesday 3|2 Blitz"]
[Site "Chess.com"]
[Date "2015.01.27"]
[Round "1"]
[White "gumersindo"]
[Black "iFrancisco"]
[Result "0-1"]
[WhiteElo "2099"]
[BlackElo "2420"]
[TimeControl "180+2"]
[EndTime "11:08:20 PST"]
[Termination "iFrancisco won by checkmate"]

1. d4 d5 2. c4 e6 3. Nc3 Nf6 4. cxd5 exd5 5. Bg5 c6 6. e3 Nbd7 7. Bd3 Be7 8. Qc2 O-O 9. Nge2 Re8 10. O-O Nf8 11.
Rae1 g6 12. Bh4 b5 13. f3 Ne6 14. Bf2 Bd7 15. h3 Rc8 16. e4 b4 17. Na4 Qa5 18.
e5 Nh5 19. Be3 c5 20. Nxc5 Nxc5 21. dxc5 Bxc5 22. Bxc5 Rxc5 23. Qd2 Rxe5 24. Nd4 Rxe1 25. Rxe1 Qb6 26. Kh1 Rc8 27. Bb1 a5 28. g4 Ng7 29.
f4 Rc4 30. Nf3 Be6 31. Bd3 Rc8 32. Ng5 d4 33. Nxe6 Nxe6 34. f5 Nc5 35. fxg6 hxg6 36. Bc4 Qc6+ 37. Kg1 Qd6 38. Qf2 Rc7 39. Rf1 Ne6 40.
Bd3 Re7 41. Qf3 Ng5 42. Qg2 Re3 43. Bc4 Rg3 44. Qxg3 Qxg3+ 45. Kh1 Qxh3+ 46. Kg1 Qxg4+ 47. Kf2 Qf4+ 48. Ke1 Nf3+ 49. Kd1 Qd2# 0-1

[Event "*** Titled Tuesday 3|2 Blitz"]
[Site "Chess.com"]
[Date "2015.01.27"]
[Round "1"]
[White "Gevorg_Harutjunyan"]
[Black "quitforever"]
[Result "1-0"]
[WhiteElo "2521"]
[BlackElo "2221"]
[TimeControl "180+2"]
[EndTime "11:08:29 PST"]
[Termination "Gevorg_Harutjunyan won on time"]

1. e4 e5 2. Nf3 Nc6 3. d4 exd4 4. Nxd4 Nf6 5. Nc3 Bb4 6. Nxc6 bxc6 7. Bd3 d5 8. exd5 cxd5 9. O-O O-O 10. Bg5 c6 11. h3 h6 12. Bh4 Bd6 13. Ne2 Re8 14. c3 Rb8 15. Rb1 c5 16. Re1 Bb7 17. Qa4 g5 18. Bg3 Ne4 19. Bxd6 Qxd6 20. Rbd1 Bc6 21.
Qc2 f5 22. Bxe4 fxe4 23. Ng3 Qf6 24. b4 cxb4 25. cxb4 Rxb4 26. Qc5 Rc4 27. Qxa7 Qe7 28. Qe3 Qc5 29. Nf5 Qxe3 30. Rxe3 Rc2 31. Nxh6+ Kh7 32. Nf5 Rxa2 33. Rc3 Ra6 34. Rdc1 Bb5 35. Rc7+ Kg6 36. Ne7+ Kh6 37. Nxd5 Re5 38. Ne3 Kg6 39. Rb7 Bd3 40.
Rcc7 1-0

[Event "*** Titled Tuesday 3|2 Blitz"]
[Site "Chess.com"]
[Date "2015.01.27"]
[Round "1"]
[White "Kacparov"]
[Black "AungTZ"]
[Result "1-0"]
[WhiteElo "2371"]
[BlackElo "2000"]
[TimeControl "180+2"]
[EndTime "11:08:41 PST"]
[Termination "Kacparov won by resignation"]

1. b3 d5 2. Bb2 c5 3. e3 Nc6 4. f4 d4 5. Nf3 Bg4 6. e4 Nf6 7. h3 Bxf3 8. Qxf3 e6 9. g4 Qc7 10. g5 Nd7 11. Bg2 e5 12. f5 f6 13. h4 O-O-O 14.
O-O Nb6 15. d3 Be7 16. Qg4 Rdg8 17. Nd2 Kb8 18. Nf3 g6 19. fxg6 Rxg6 20. Bc1 fxg5 21. hxg5 h6 22. Qh5 Qd6 23. Nh4 Rgg8 24. Nf5 Qd8 25. gxh6 Bg5 26. Rf2 Bxc1 27. Rxc1 Ne7 28. Rcf1 Ng6 29. Rf3 Nd7 30. Qh2 Ka8 31. Rg3 Nf4 32.
Rxf4 exf4 33. Rxg8 Qxg8 34. Qxf4 Qg6 35. Kf2 Nf6 36.
Bf3 Rg8 37. Ng7 Rf8 38. Nf5 Rg8 39. Ng7 Rf8 40. Ke2 Nd7 41. Nf5 Qf6 42. h7 Ne5 43.
Qh2 Rh8 44. Qh5 Qg6 45. Qxg6 Nxg6 46. Bh5 Nf4+ 47. Kf3 Nxh5 48. e5 Nf6 49. exf6 Rxh7 50. Kf4 Kb8 51. Ke5 Kc7 52. Ke6 Kd8 53. Nd6 Rh6 54.
Nf7+ Ke8 55. Nxh6 1-0

[Event "*** Titled Tuesday 3|2 Blitz"]
[Site "Chess.com"]
[Date "2015.01.27"]
[Round "1"]
[White "FlySooHigh"]
[Black "MikePerelshteyn"]
[Result "1-0"]
[WhiteElo "2387"]
[BlackElo "2033"]
[TimeControl "180+2"]
[EndTime "11:09:03 PST"]
[Termination "FlySooHigh won by checkmate"]

1. e4 c6 2. c4 d5 3. cxd5 cxd5 4. exd5 Nf6 5. Qa4+ Nbd7 6. Nc3 g6 7. Nf3 Bg7 8. Bc4 a6 9. d3 O-O 10. Qa3 b5 11. Bxb5 Bb7 12. Bc6 Qc7 13. O-O Bxc6 14. dxc6 Qxc6 15. Qxe7 Rfe8 16. Qa3 Ng4 17. Bf4 Nde5 18.
Nxe5 Nxe5 19. Rad1 Rad8 20. Bxe5 Bxe5 21. Ne4 Bd4 22.
Rc1 Qe6 23. Rc2 h6 24. Nc5 Qd6 25. b4 Qf4 26. Qxa6 Re5 27. Ne4 Rh5 28. g3 Qg4 29. Nf6+ Bxf6 30. Qxf6 Rf8 31. Qc6 Qxb4 32. h4 Ra5 33.
Qc4 Qd6 34. a4 Rfa8 35. Ra2 Rd5 36. Rd1 Rd4 37. Qb3 Ra5 38. Qc2 h5 39. Qc8+ Kg7 40.
Qc3 Qe5 41. Ra3 Kh7 42. Re1 Qd5 43. Re8 Rc5 44. Qb2 Rc7 45. a5 Rd7 46. a6 Qf3 47.
Ra1 Rxd3 48. Rh8# 1-0

[Event "*** Titled Tuesday 3|2 Blitz"]
[Site "Chess.com"]
[Date "2015.01.27"]
[Round "1"]
[White "162a54f5d"]
[Black "GeorgMeier"]
[Result "0-1"]
[WhiteElo "2262"]
[BlackElo "2663"]
[TimeControl "180+2"]
[EndTime "11:09:15 PST"]
[Termination "GeorgMeier won by resignation"]

1. d4 e6 2. c4 b6 3. e4 Bb7 4. Bd3 Nc6 5. Ne2 Nb4 6. Nbc3 Nxd3+ 7. Qxd3 d6 8. O-O Nf6 9. d5 Be7 10. Qg3 O-O 11. Bh6 Ne8 12. Be3 Qd7 13. Rad1 Kh8 14. f4 c6 15. Nd4 cxd5 16. cxd5 Nf6 17. dxe6 fxe6 18. f5 exf5 19. exf5 Nh5 20. Qh3 Nf6 21. Qg3 Rg8 22. Ne6 g6 23. Ng5 Raf8 24. Qh3 gxf5 25. Rxf5 Bc8 26. Nxh7 Nxh7 27. Bd4+ Rg7 28. Rxf8+ Bxf8 29. Qxd7 Bxd7 30. Ne4 Bg4 31. Rd2 Be6 32. Nxd6 Kg8 33. Bxg7 Bxg7 34. b3 Ng5 35. Kf2 Be5 36.
Nc4 Ne4+ 37. Ke3 Nxd2 38. Nxe5 Nf1+ 39. Kf2 Nxh2 40. Kg3 Nf1+ 41. Kf2 Nd2 42. Ke3 Nb1 43. Nc6 a5 44. Nd4 Kf7 45. Kf4 Nc3 46. a3 Kf6 47.
b4 a4 48. g4 Nd5+ 49. Ke4 Bf7 50. Nf3 Nc3+ 51. Kd4 Nb5+ 52. Ke4 Nxa3 53. g5+ Kg7 54. Ne5 Nc4 55. Nd3 a3 0-1

[Event "*** Titled Tuesday 3|2 Blitz"]
[Site "Chess.com"]
[Date "2015.01.27"]
[Round "1"]
[White "chesstatour"]
[Black "LADIESGET2KNOWME"]
[Result "1-0"]
[WhiteElo "1879"]
[BlackElo "2308"]
[TimeControl "180+2"]
[EndTime "11:09:23 PST"]
[Termination "chesstatour won on time"]

1. c4 Nf6 2. Nc3 g6 3. e4 d6 4. d4 Bg7 5. f4 O-O 6. Nf3 c5 7. d5 e6 8. dxe6 Bxe6 9. Bd3 Bg4 10. O-O Nc6 11. Qe1 Bxf3 12. Rxf3 Nd4 13. Rh3 Ng4 14. f5 Re8 15. Qg3 Ne5 16. Bf4 a6 17. Nd5 b5 18. b3 Nxd3 19. Qxd3 Ne2+ 20. Qxe2 Bxa1 21. Qg4 Bd4+ 22. Be3 Bxe3+ 23. Rxe3 bxc4 24.
bxc4 Rb8 25. h3 Rb2 26. Rf3 Re2 27. fxg6 fxg6 28. Nf6+ Kg7 29. Nxe8+ Qxe8 30. Rf4 Re1+ 31.
Kh2 Re3 32. h4 Qe7 33. g3 Ra3 34. Rf2 Re3 35. Rf4 Rc3 36. Qe2 Rc1 37. h5 Qg5 38. Qb2+ Qe5 39. Qxc1 Qxh5+ 40. Kg2 Qe2+ 41. Rf2 Qxe4+ 42.
Kg1 h5 43. Qb2+ Kh6 44. Qc2 Qd4 45. Qd2+ Kg7 46. Qxd4+ cxd4 47. Rd2 Kf6 48. Rxd4 Ke5 49. Rd5+ 1-0

[Event "*** Titled Tuesday 3|2 Blitz"]
[Site "Chess.com"]
[Date "2015.01.27"]
[Round "1"]
[White "VovAn1991"]
[Black "tac49"]
[Result "1/2-1/2"]
[WhiteElo "2450"]
[BlackElo "2184"]
[TimeControl "180+2"]
[EndTime "11:09:35 PST"]
[Termination "Game drawn by agreement"]

1. e4 e5 2. Nf3 Nc6 3. Bc4 Nf6 4. d3 Be7 5. O-O O-O 6. a3 d6 7. h3 Be6 8. Nbd2 Qd7 9. Ng5 Bxc4 10. Nxc4 h6 11.
Nf3 Rfe8 12. Ne3 Bf8 13. Nf5 d5 14. Qe2 dxe4 15. dxe4 Nd4 16. N5xd4 exd4 17. e5 Nd5 18. Qd3 c5 19. Bd2 a6 20. Rae1 Qb5 21. Qe4 Rad8 22. b3 Qd7 23. Nh2 f5 24. Qd3 Qe6 25.
f4 b5 26. Kh1 c4 27. bxc4 bxc4 28. Qf3 Bc5 29. g4 Ne3 30. Bxe3 dxe3 31. Re2 Rd2 32. Rg1 Rxe2 33. Qxe2 Qd5+ 34. Qf3 Qxf3+ 35. Nxf3 fxg4 36. hxg4 Rf8 37. f5 h5 38. Nh4 e2 39. Re1 Bf2 40.
Rxe2 Bxh4 41. Re4 hxg4 42. Rxg4 Bd8 43. f6 Rf7 44. Rxc4 gxf6 45. Rc8 Rd7 46. exf6 Kf7 47. Rc6 a5 48. Kg2 Bxf6 49. Kf3 Ke7 50. Ke3 Bb2 51. Ra6 Bc3 52. Rc6 Bb2 53. Ra6 Bxa3 54. Rxa5 Bd6 55. Ke4 Rc7 1/2-1/2